Map: Sludge City

Players

KKAD

  • Race: Protoss Protoss
  • Spawn Location: 9:00

JLewy

  • Race: Zerg Zerg
  • Spawn Location: 11:00

neulaender - Winner!

  • Race: Zerg Zerg
  • Spawn Location: 5:00

Baumdoktor - Winner!

  • Race: Protoss Protoss
  • Spawn Location: 5:00

VOD

Have the link to the VOD?

Description

Time

  • Played on: Oct. 21, 2016, 3:01 p.m.
  • Length: 14:30
Show
View Real Time Build Order
Export as new Build Order

KKAD Protoss 

Build Orders:  

Get SALT Encoding   

  12  0:03  Probe (Chrono Boost)  
  13  0:31  Pylon  
  13  1:17  Pylon  
  13  1:26  Probe (Chrono Boost)  
  14  1:37  Probe (Chrono Boost)  
  15  1:47  Probe (Chrono Boost)  
  15  1:51  Assimilator  
  16  1:58  Probe (Chrono Boost)  
  17  2:08  Probe (Chrono Boost)  
  17  2:13  Forge  
  18  2:19  Probe (Chrono Boost)  
  19  2:23  Pylon  
  20  2:30  Probe (Chrono Boost)  
  20  2:40  Probe (Chrono Boost), Gateway  
  20  2:41  Gateway  
  21  2:51  Probe (Chrono Boost)  
  22  2:54  Photon Cannon  
  22  2:55  Photon Cannon  
  22  3:24  Pylon  
  22  3:44  Photon Cannon  
  22  3:46  Photon Cannon  
  22  3:48  Photon Cannon  
  22  3:50  Photon Cannon  
  22  3:55  Photon Cannon  
  22  3:58  Photon Cannon  
  22  4:06  Probe (Chrono Boost)  
  23  4:16  Probe (Chrono Boost)  
  24  4:27  Probe (Chrono Boost)  
  25  4:37  Probe (Chrono Boost), Photon Cannon  
  26  4:39  Photon Cannon  
  26  4:41  Photon Cannon  
  26  4:43  Pylon  
  26  4:48  Probe (Chrono Boost)  
  27  5:18  Pylon  
  27  5:33  Pylon  
  22  5:59  Photon Cannon  
  22  6:00  Photon Cannon  
  22  6:03  Photon Cannon  
  1  6:54  Probe (Chrono Boost)  
  2  7:05  Probe (Chrono Boost)  
  3  7:09  Pylon  
  4  7:15  Probe (Chrono Boost)  
  4  7:26  Probe (Chrono Boost)  
  3  7:36  Probe (Chrono Boost)  
  1  10:23  Nexus, Unknown  
Show
View Real Time Build Order
Export as new Build Order

JLewy Zerg 

Build Orders: Pool First 

Get SALT Encoding   

  12  0:01  Drone  
  13  0:08  Drone  
  14  0:16  Extractor  
  14  0:17  Drone  
  14  0:24  Overlord  
  14  0:33  Extractor, Drone  
  15  0:45  Drone x2  
  17  1:05  Spawning Pool  
  16  1:27  Unknown, Hatchery  
  15  1:34  Overlord  
  15  1:51  Metabolic Boost  
  15  1:53  Queen  
  17  1:57  Zergling x2  
  17  1:59  Zergling x2  
  19  2:04  Zergling x2  
  20  2:09  Zergling x2  
  21  2:19  Zergling x2  
  22  2:29  Drone  
  23  2:38  Unknown  
  23  2:40  Drone  
  23  2:42  Zergling x2  
  25  2:51  Zergling x2  
  26  2:53  Zergling x2  
  26  2:54  Queen  
  29  3:04  Zergling x2  
  29  3:05  Zergling x6  
  33  3:11  Zergling x4  
  35  3:17  Zergling x2  
  36  3:26  Spine Crawler  
  34  3:30  Spine Crawler  
  32  3:41  Zergling x12  
  29  3:50  Zergling x2  
  26  4:09  Zergling x2  
  27  4:10  Zergling x14  
  27  4:14  Zergling x2  
  35  4:22  Zergling x2  
  36  4:43  Overlord x4  
  34  5:13  Drone x4  
  34  5:14  Drone x2  
  37  5:30  Zergling x4  
  37  5:31  Zergling x10  
  31  6:01  Zergling x10  
  30  6:14  Zergling x2  
  30  6:15  Zergling x10  
  34  6:39  Zergling x14  
  37  6:40  Zergling x8  
  37  6:48  Evolution Chamber  
  37  6:53  Queen  
  38  6:55  Zergling x4  
  32  7:32  Zergling x16  
  33  7:47  Roach Warren  
  32  8:00  Spine Crawler x2  
  30  8:08  Spine Crawler  
  30  8:11  Spine Crawler  
  27  8:31  Roach x6  
  39  8:55  Roach x2  
  43  8:56  Roach  
  45  9:03  Roach  
  45  9:07  Extractor  
  46  9:11  Zergling x2  
  46  9:12  Zergling x10  
  52  9:35  Roach x3  
  58  9:58  Roach  
  58  9:59  Roach x2  
  49  10:38  Zergling x2  
  49  10:39  Zergling x14  
  55  10:48  Roach  
  29  11:03  Roach  
  29  11:04  Roach x5  
  33  11:51  Zergling x22  
  33  11:52  Zergling x2  
  45  11:59  Zerg Missile Weapons Level 1  
  45  12:08  Zergling x4  
  47  12:35  Roach x2  
  51  12:39  Overlord x2  
  51  12:52  Ravager  
  53  12:58  Ravager  
  53  13:17  Ravager  
Show
View Real Time Build Order
Export as new Build Order

neulaender Zerg - Winner!

Build Orders: Hatch First 

Get SALT Encoding   

  12  0:02  Drone  
  13  0:11  Drone  
  14  0:21  Overlord  
  14  0:53  Drone  
  14  0:54  Drone x2  
  14  0:55  Unknown, Hatchery  
  16  0:57  Extractor  
  15  1:15  Spawning Pool  
  14  1:32  Drone x3  
  17  1:46  Drone  
  18  1:59  Overlord  
  18  2:01  Queen  
  18  2:05  Metabolic Boost  
  18  2:07  Unknown  
  20  2:13  Drone  
  21  2:19  Zergling x4  
  23  2:34  Evolution Chamber  
  22  2:39  Zergling x4  
  22  2:43  Zergling x2  
  25  2:52  Burrow  
  25  2:56  Zergling x2  
  25  2:57  Zergling x4  
  28  3:00  Overlord  
  28  3:13  Zergling x10  
  28  3:18  Zergling x2  
  34  3:31  Zerg Melee Weapons Level 1  
  28  3:50  Zergling x2  
  28  3:51  Zergling x10  
  34  4:07  Queen  
  22  4:32  Zergling x12  
  28  4:41  Zergling x4  
  28  4:42  Zergling x2  
  31  4:58  Baneling Nest, Drone x2  
  30  5:09  Zergling x2  
  30  5:10  Zergling x10  
  35  5:20  Zergling x2  
  35  5:21  Zergling x8  
  34  5:58  Zerg Ground Armor Level 1  
  34  6:01  Unknown, Hatchery  
  33  6:06  Unknown, Hatchery  
  32  6:22  Zergling x2  
  32  6:23  Zergling x18  
  32  6:47  Zergling x4  
  32  6:48  Zergling x6  
  37  6:55  Baneling x4  
  37  6:56  Baneling x4  
  37  7:02  Roach Warren  
  37  7:03  Drone  
  37  7:18  Unknown  
  33  7:35  Zergling x2  
  33  7:36  Zergling x22  
  42  7:42  Queen, Drone  
  45  7:47  Lair  
  45  7:53  Extractor  
  45  7:58  Zergling x2  
  45  8:01  Zergling x2  
  46  8:27  Drone x2  
  46  8:28  Drone  
  49  8:36  Drone  
  49  8:38  Overlord x2  
  50  8:48  Glial Reconstitution  
  50  9:11  Drone x3  
  50  9:12  Drone x2  
  50  9:16  Extractor  
  54  9:18  Extractor  
  53  9:33  Zerg Missile Weapons Level 1  
  53  9:37  Roach x2  
  53  9:38  Zergling x6  
  58  9:39  Zergling x12  
  58  9:40  Overlord x2  
  58  9:41  Overlord x3  
  65  9:58  Zergling x22  
  65  9:59  Zergling x2  
  62  10:16  Roach  
  62  10:17  Roach x5  
  72  10:38  Roach  
  72  10:39  Roach x5, Zergling x4  
  72  10:40  Zergling x2  
  78  10:54  Drone  
  78  10:55  Drone x3  
  78  10:57  Drone x3  
  78  11:24  Zergling x20  
  78  11:25  Zergling x4  
  90  11:27  Zerg Melee Weapons Level 2  
  90  11:49  Roach  
  90  11:50  Roach x6  
  90  11:54  Zergling x2  
  105  12:15  Baneling  
  105  12:16  Baneling x13  
  105  12:21  Baneling x2  
  105  12:35  Overlord x3  
  105  12:36  Overlord  
  105  12:43  Centrifical Hooks  
  105  13:23  Roach  
  105  13:24  Roach x9  
  125  13:31  Drone x3  
  114  14:00  Roach x6  
  114  14:01  Roach x2  
  129  14:11  Zergling x2  
  129  14:12  Zergling x6  
Show
View Real Time Build Order
Export as new Build Order

Baumdoktor Protoss - Winner!

Build Orders: 1 Gate Expand 

Get SALT Encoding   

  12  0:02  Probe (Chrono Boost)  
  13  0:13  Probe (Chrono Boost)  
  14  0:24  Pylon  
  14  0:28  Probe (Chrono Boost)  
  16  0:43  Probe (Chrono Boost), Gateway  
  16  0:53  Probe (Chrono Boost)  
  17  1:04  Probe (Chrono Boost)  
  18  1:14  Probe (Chrono Boost)  
  19  1:23  Nexus, Unknown  
  19  1:30  Zealot  
  21  1:33  Probe (Chrono Boost)  
  22  1:40  Cybernetics Core  
  22  1:45  Probe (Chrono Boost)  
  23  1:51  Pylon  
  23  1:56  Assimilator  
  23  2:17  Gateway  
  23  2:21  Gateway  
  23  2:25  Gateway  
  23  2:34  Unknown  
  23  2:39  Warp Gate  
  23  2:46  Assimilator  
  24  2:51  Probe (Chrono Boost)  
  24  2:56  Assimilator  
  24  3:03  Probe (Chrono Boost)  
  25  3:10  Probe (Chrono Boost)  
  26  3:15  Probe (Chrono Boost)  
  26  3:17  Zealot x2  
  26  3:18  Zealot  
  26  3:19  Zealot  
  35  3:21  Probe (Chrono Boost)  
  36  3:31  Probe (Chrono Boost)  
  33  3:53  Zealot x2  
  33  3:54  Zealot  
  33  3:55  Zealot  
  33  4:52  Stalker x4  
  25  5:24  Zealot x2  
  25  5:25  Zealot x2  
  8  6:00  Stalker x3  
  14  6:31  Probe (Chrono Boost)  
  15  6:34  Zealot x2  
  15  6:35  Zealot  
  21  6:43  Probe (Chrono Boost)  
  19  6:55  Probe (Chrono Boost)  
  19  7:00  Probe (Chrono Boost)  
  20  7:08  Probe (Chrono Boost)  
  21  7:10  Probe (Chrono Boost)  
  22  7:21  Probe (Chrono Boost), Unknown, Nexus  
  23  7:31  Probe (Chrono Boost), Pylon  
  23  7:33  Pylon  
  24  7:42  Probe x2 (Chrono Boost)  
  26  7:52  Probe (Chrono Boost)  
  26  7:54  Probe (Chrono Boost)  
  28  8:03  Probe (Chrono Boost)  
  29  8:13  Probe (Chrono Boost)  
  30  8:24  Probe (Chrono Boost)  
  31  8:33  Unknown  
  23  8:53  Probe (Chrono Boost)  
  25  8:57  Probe (Chrono Boost)  
  25  9:03  Probe (Chrono Boost)  
  25  9:05  Probe (Chrono Boost)  
  25  9:09  Probe (Chrono Boost)  
  28  9:14  Probe (Chrono Boost)  
  28  9:15  Probe (Chrono Boost)  
  30  9:21  Probe (Chrono Boost), Twilight Council  
  31  9:24  Probe (Chrono Boost)  
  31  9:26  Probe (Chrono Boost), Robotics Facility  
  33  9:33  Probe (Chrono Boost)  
  33  9:35  Probe (Chrono Boost), Gateway  
  33  9:36  Probe (Chrono Boost), Gateway  
  36  9:38  Gateway  
  36  9:40  Gateway  
  36  9:45  Probe x2 (Chrono Boost)  
  38  9:51  Twilight Council  
  38  9:55  Zealot x3  
  44  10:08  Blink  
  44  10:23  Zealot x3  
  50  10:42  Immortal  
  54  10:51  Stalker  
  56  11:02  Zealot x3  
  56  11:03  Zealot x3, Assimilator  
  68  11:55  Charge  
  68  11:56  Stalker x4  
  76  12:08  Pylon  
  76  12:10  Pylon  
  76  12:11  Pylon  
  76  12:15  Pylon  
  76  12:17  Pylon  
  76  12:20  Pylon  
  76  12:30  Pylon  
  76  12:41  Stalker x5  
  76  12:42  Stalker x2  
  90  12:47  Pylon  
  90  13:01  Pylon  
  90  13:06  Stalker x4  
  90  13:11  Zealot x3  
  76  13:53  Stalker x5  
  86  14:21  Stalker  
  86  14:22  Stalker x2  
Tags
 
Add a new tag
Caveats
  • Supply blocks, unpowered buildings, or Contaminate may cause inaccurate times.
  • Supply counts are checked every 10 seconds.